 Dungeon Crawl Stone Soup version 0.30-a0-672-gc3a7216ad8 (webtiles) character file.

Game seed: 5089101557421172610

101 wormed the Changer (level 4, -9/28 HPs)
             Began as an Octopode Transmuter on Jan 18, 2023.
             Mangled by a worm (10 damage)
             ... on level 4 of the Dungeon.
             The game lasted 00:02:44 (1596 turns).

wormed the Changer (Octopode Transmuter)            Turns: 1596, Time: 00:02:44

Health: -9/28      AC:  1    Str:  9    XL:     4   Next: 75%
Magic:  6/8        EV: 13    Int: 17    God:
Gold:   77         SH:  0    Dex: 12    Spells: 5/8 levels left

rFire   + . .      SeeInvis .      - Unarmed
rCold   + . .      Faith    .    (no shield)
rNeg    . . .      Spirit   .    (helmet restricted)
rPois   +          Reflect  .    (no amulet)
rElec   +          Harm     .    (no ring)
rCorr   +          Rampage  .    (no ring)
Will    .....                    (no ring)
Stlth   ++                       (no ring)
HPRegen 0.24/turn                (no ring)
MPRegen 0.11/turn                (no ring)
                                 (no ring)
                                 (no ring)

@: lethally poisoned (-9 -> -15), resistant, weak-willed
A: almost no armour, amphibious, 8 rings, camouflage 1, gelatinous body 1,
(nimble swimmer 1), tentacles
a: no special abilities


You were on level 4 of the Dungeon.
You visited 1 branch of the dungeon, and saw 5 of its levels.

You collected 77 gold pieces.

Inventory:

Scrolls
 a - a scroll of teleportation
 e - 2 scrolls of immolation
 g - 2 scrolls of magic mapping
Potions
 b - a potion of magic
 d - a potion of might {unknown}


   Skills:
 - Level 1.0 Fighting
 - Level 2.0 Dodging
 - Level 3.0 Unarmed Combat
 + Level 2.7 Spellcasting
 * Level 3.7 Transmutations
 + Level 1.7 Ice Magic


You had 5 spell levels left.
You knew the following spells:

 Your Spells              Type           Power      Damage    Failure   Level
a - Beastly Appendage     Tmut           28%        N/A       4%          1
b - Wereblood             Tmut           14%        N/A       6%          2

Your spell library contained the following spells:

 Spells                   Type           Power      Damage    Failure   Level
 Spider Form              Tmut/Pois      8%         N/A       26%         3
 Ice Form                 Ice/Tmut       11%        N/A       50%         4


Dungeon Overview and Level Annotations

Branches:
Dungeon (5/15)
 Temple: D:4-7

Altars:
Makhleb

Shops:
D:2 [

Annotations:
D:2 Sigmund


Innate Abilities, Weirdness & Mutations

You cannot wear most types of armour.
You are amphibious.
You can wear up to eight rings at the same time.
Your skin changes colour to match your surroundings (Stealth+).
Your rubbery body absorbs attacks. (AC +1, EV +1)
((You are camouflaged when in or above water. (Stealth+)))
You have tentacles for arms and can constrict up to eight enemies at once.


Message History

You tentacle-slap the scorpion but do no damage.
You grab the scorpion. You constrict the scorpion. The scorpion stings you.
You are poisoned.
The scorpion poisons you!
The jelly jiggles.
The endoplasm hits you. The scorpion closely misses you.
You tentacle-slap the endoplasm.
You feel a bit better.
You kill the endoplasm!
You constrict the scorpion.
You feel sick. The scorpion stings you.
You are more poisoned.
The scorpion poisons you!
You tentacle-slap the scorpion.
The scorpion is moderately wounded.
Your primal bloodlust has ended.
You constrict the scorpion.
You feel very sick. The scorpion misses you.
You tentacle-slap the scorpion but do no damage.
The scorpion is moderately wounded.
You hear the slow rusting of a very distant drain.
You constrict the scorpion.
You feel very sick. The scorpion stings you.
You tentacle-slap the scorpion but do no damage.
The scorpion is moderately wounded.
You constrict the scorpion.
You feel very sick. The scorpion barely misses you. The worm bites you.
* * * LOW HITPOINT WARNING * * *
As you read the scroll labelled LYOTZI IS BYOR, it crumbles to dust.
Magic quickly surges around you.
It was a scroll of vulnerability.
You constrict the scorpion.
* * * LOW HITPOINT WARNING * * *
You feel sick. The scorpion barely misses you.
It was a potion of resistance.
You feel protected.
You constrict the scorpion.
* * * LOW HITPOINT WARNING * * *
You feel sick. The scorpion barely misses you. The worm bites you!
You die...

#.[..._.....
#.#.......#
#.#.......#
#.##...).# #
#.####.####.#
#########...........#
#....[...###.....##.#
#.######.# ####.##
#.# #.# #@# #.# #.#
#sw.# #.# #.# #J.....
#.# #.# #....#.# #.#
#.# ##.#..... #.# #.#
.#.#.# #.# .# #.#[
##.# <# ## ...#


You could see a worm (weak-willed), a scorpion (weak-willed) and a jelly
(weak-willed).

Vanquished Creatures
  A hound (D:4)
  2 adders
  A worm (D:2)
  2 dart slugs (D:1)
  3 bats
  4 endoplasms
  A giant cockroach (D:1)
  4 goblins
  4 hobgoblins
  7 jackals
  6 kobolds
  A quokka (D:2)
  4 ball pythons
  A frilled lizard (D:1)
  5 rats
46 creatures vanquished.

Notes
Turn   | Place    | Note
-------+----------+-------------------------------------------
     0 | D:1      | wormed the Octopode Transmuter began the quest for the Orb.
     0 | D:1      | Reached XP level 1. HP: 13/13 MP: 3/3
   152 | D:1      | Reached XP level 2. HP: 10/18 MP: 3/5
   155 | D:1      | Learned a level 2 spell: Wereblood
   343 | D:1      | Reached skill level 1 in Ice Magic
   387 | D:1      | Reached XP level 3. HP: 23/23 MP: 2/6
   746 | D:2      | Found Jofiutzi's Armour Shop.
   757 | D:2      | Noticed Sigmund
  1433 | D:3      | Reached XP level 4. HP: 22/28 MP: 3/7
  1532 | D:3      | You fall into a shaft and drop 2 floors!
  1532 | D:5      | Entered Level 5 of the Dungeon
  1571 | D:4      | Found a burning altar of Makhleb.
  1580 | D:4      | Noticed a scorpion
  1596 | D:4      | HP: 1/28 [poisoned by a scorpion]
  1596 | D:4      | Mangled by a worm

Illustrated notes

Levels and vault maps discovered:
D:1:      wander_arrival_fairy_ring, layout_rooms
D:2:      layout_loops_cross, serial_shops, shop,
          nicolae_shop_temple_entry_statues_fountains, shop_statue, shop,
          nicolae_lakefront_shop, uniq_sigmund
D:3:      layout_basic, nicolae_uskayaw_suspiria
D:4:      layout_loops_ring, old_standard_altar, gup_sewer_entry_pipe,
          gammafunk_ghost_arena, grunt_ministairs_11, dk_vineyard_3,
          minmay_surrounded, uniq_eustachio, uniq_edmund, uniq_robin
D:5:      layout_rooms, nicolae_overflow_crystal_walls, kennysheep_mini,
          serial_shops, nicolae_inconvenience_store, grunt_ministairs_2,
          uniq_ijyb, uniq_grinder

Skill      XL: |  1  2  3 |
---------------+----------+-----
Ice Magic      | 1 |  1.7
Transmutations | 3 |  3.7
Fighting       | |  1.0
Dodging        | |  2.0
Unarmed Combat | |  3.0
Spellcasting   | |  2.7

Action                   |  1- 3 |  4- 6 || total
-------------------------+-------+-------++-------
Melee: Unarmed           |    81 |    16 ||    97
       Constrict         |    24 |     5 ||    29
       Kick              |    19 |     3 ||    22
       Tentacles         |    14 |     1 ||    15
       Punch             |     2 |       ||     2
 Cast: Beastly Appendage |    16 |     1 ||    17
       Wereblood         |    11 |     1 ||    12
  Use: Potion            |     2 |     1 ||     3
       Scroll            |     5 |     1 ||     6
 Stab: Sleeping          |     1 |       ||     1
Armor: Skin              |    18 |     1 ||    19
Dodge: Dodged            |    36 |    10 ||    46

Table legend: (Time is in decaauts)
 A = Elapsed time spent in this place.
 B = Non-inter-level travel time spent in this place.
 C = Inter-level travel time spent in this place.
 D = Time resting spent in this place.
 E = Time spent auto-exploring this place.
 F = Levels seen in this place.
 G = Mean time per level.
                   A        B        C        D        E       F      G
               +--------+--------+--------+--------+--------+-----+--------+
         Total |   1590 |   1551 |     39 |      0 |   1209 |   5 |  318.0 |
       Dungeon |   1590 |   1551 |     39 |      0 |   1209 |   5 |  318.0 |
               +--------+--------+--------+--------+--------+-----+--------+

Top non-repeatable levels by time:
     D:1: 727 daAuts
     D:3: 460 daAuts
     D:2: 338 daAuts
     D:4: 52 daAuts
     D:5: 10 daAuts
